AoeStats
← Clay001

Pilgrims

508647517Analyzed
2v2 RM · 10d ago on Sep 23, 2026· 25m 55s· 4 players
Game mode
Random Map
Map size
Medium (4 player)
Population
200
Speed
Normal
Resources
Standard
Victory
Conquest
Starting age
Dark Age
Ending age
Imperial Age
RankedLock teamsTeams togetherTeam positionsShared explorationLock speedFull tech treeHidden civsTurbo modeCheats
Victory
Defeat
🇨🇳 Persians · China
1125
+15
🇨🇳 Turks · China
1125
+16
🇨🇳 Khmer · China
1134
-16
🇵🇪 Mongols · Peru
1110
-15
Havoc_
9:14 Loom
11:33 Feudal Age
11:25 Loom
12:19 Double-Bit Axe
13:52 Fletching
16:43 Castle Age
15:44 Horse Collar
18:32 Bow Saw
20:25 Wheelbarrow
神采飞扬
8:06 Loom
10:18 Feudal Age
13:25 Castle Age
13:50 Bloodlines
16:06 Medium Warships
16:17 Husbandry
Clay001
7:42 Loom
11:09 Feudal Age
13:31 Fletching
21:48 Double-Bit Axe
24:20 Castle Age
24:44 Stone Mining
25:23 Forging
Rubi2007
4:05 Loom
12:31 Feudal Age
15:03 Double-Bit Axe
18:19 Castle Age
17:44 Gold Mining
17:40 Horse Collar
19:09 Wheelbarrow
19:18 Padded Archer Armor
19:39 Bow Saw
21:02 Scale Barding Armor
21:41 Bloodlines
26:01 Stone Mining
Connection lost

Rejoining the realm…

Still unreachable

The connection could not be restored.

Session expired

The server has moved on; the page needs a fresh start.